 Dungeon Crawl Stone Soup version 0.29.1-15-g9cfb28693d (webtiles) character file.

Game seed: 97439503750701874

128 nshep25 the Conjurer (level 4, -8/24 HPs)
             Began as a Deep Elf Conjurer on Mar 6, 2023.
             Killed by divine providence
             ... invoked by an orc priest
              (14 damage)
             ... on level 3 of the Dungeon.
             The game lasted 00:03:30 (2865 turns).

nshep25 the Conjurer (Deep Elf Conjurer)            Turns: 2865, Time: 00:03:31

Health: -8/24      AC:  2    Str:  6    XL:     4   Next: 86%
Magic:  3/12       EV: 12    Int: 23    God:
Gold:   131        SH:  0    Dex: 13    Spells: 5/12 levels left

rFire   + . .      SeeInvis .   m - staff of fire
rCold   . . .      Faith    .   (no shield)
rNeg    . . .      Spirit   .   a - +0 robe
rPois   +          Reflect  .   (no helmet)
rElec   .          Harm     .   (no cloak)
rCorr   .          Rampage  .   (no gloves)
Will    .....                   (no boots)
Stlth   ++........              (no amulet)
HPRegen 0.08/turn               c - ring of poison resistance
MPRegen 0.13/turn               (no ring)

@: no status effects
A: no striking features
a: no special abilities


You were on level 3 of the Dungeon.
You visited 1 branch of the dungeon, and saw 3 of its levels.

You collected 131 gold pieces.

Inventory:

Missiles
 l - 2 throwing nets
Armour
 a - a +0 robe (worn)
Magical Staves
 e - a staff of cold
 m - a staff of fire (weapon)
Jewellery
 c - a ring of poison resistance (left hand)
Scrolls
 d - 3 scrolls of vulnerability {unknown}
 h - a scroll of identify {unknown}
 i - a scroll of silence {unknown}
 j - a scroll of magic mapping {unknown}
Potions
 b - a potion of magic
 f - 2 potions of curing {unknown}
 g - 2 potions of lignification {unknown}
 k - 2 potions of heal wounds {unknown}


   Skills:
 + Level 2.7 Dodging
 + Level 3.0 Stealth
 + Level 4.5 Spellcasting
 + Level 5.9 Conjurations


You had 5 spell levels left.
You knew the following spells:

 Your Spells              Type           Power      Damage    Failure   Level
a - Magic Dart            Conj           100%       1d8       1%          1
b - Searing Ray           Conj           64%        2d6       1%          2
c - Iskenderun's Mystic   Conj/Tloc      18%        2d6       28%         4

Your spell library contained the following spells:

 Spells                   Type           Power      Damage    Failure   Level
 Dazzling Flash           Conj/Hex       36%        N/A       9%          3
 Fulminant Prism          Conj/Hex       9%         3d7       28%         4


Dungeon Overview and Level Annotations

Branches:
Dungeon (3/15)

Altars:
Fedhas
Uskayaw


Message History

The orc priest shouts!
The orc priest begins to cast a cantrip, but forgets the words!
The orc priest looks encouraged for a moment.
Casting: Magic Dart (safe; 1% risk of failure)
Confirm with . or Enter, or press ? or * to list all spells.
Aiming: Searing Ray (safe; 1% risk of failure)
Press: ? - help, Shift-Dir - straight line, f/p - orc priest
Aim: an orc priest, wielding a +0 club and wearing a +0 ring mail (lightly wounded, 83% to hit)
The searing ray hits the orc priest.
The orc priest is moderately wounded. (Press . to maintain the ray.)
The searing ray hits the orc priest.
The orc priest is heavily wounded.
The searing ray hits the orc!
You kill the orc!
The orc priest invokes the aid of Beogh against you.
Beogh smites you!
Ouch! That really hurt!
The searing ray hits the orc priest.
The orc priest is severely wounded.
The orc closely misses you.
The searing ray hits the orc priest.
The orc priest is almost dead.
The searing ray hits the orc priest but does no damage.
You finish channelling your searing ray.
The orc hits you with a +0 hand axe.
* * * LOW HITPOINT WARNING * * *
The orc priest hits you but does no damage.
Casting: Searing Ray (safe; 1% risk of failure)
Confirm with . or Enter, or press ? or * to list all spells.
Aiming: Searing Ray (safe; 1% risk of failure)
Press: ? - help, Shift-Dir - straight line, f/p - orc priest
Aim: an orc priest, wielding a +0 club and wearing a +0 ring mail (almost dead, 83% to hit)
The searing ray misses the orc priest.
The searing ray hits the orc priest.
The orc priest is moderately wounded. (Press . to maintain the ray.)
The orc priest invokes the aid of Beogh against you.
Beogh smites you!
Ouch! That really hurt!
You die...

..................
#.########.####### #.#
##...## #.# #.....# ..#
##...## ### ##.## # #.#
# #.# ######.#### #
##'## #@o....... #
##...## #o####).# # ##
##.....###.# ...... .##
#.......##o# ..#.#
..####.........#)##.o..#
.....+.........'...oo..#
..####.........#.##...##
.##
##.......##.........# ##
##.....######.....$.


You could see 2 orc priests and an orc.

Vanquished Creatures
  4 adders
  3 gnolls (D:3)
  2 worms (D:2)
  2 dart slugs (D:1)
  2 orcs (D:3)
  4 endoplasms
  3 giant cockroaches
  8 goblins
  2 hobgoblins (D:1)
  3 jackals (D:2)
  4 ball pythons
  5 bats
  3 frilled lizards
  5 kobolds
  2 rats (D:1)
52 creatures vanquished.

Notes
Turn   | Place    | Note
-------+----------+-------------------------------------------
     0 | D:1      | nshep25 the Deep Elf Conjurer began the quest for the Orb.
     0 | D:1      | Reached XP level 1. HP: 10/10 MP: 6/6
   187 | D:1      | Reached XP level 2. HP: 15/15 MP: 6/8
   746 | D:1      | Reached skill level 5 in Conjurations
   814 | D:1      | Found a faded altar of an unknown god.
   872 | D:1      | Reached XP level 3. HP: 16/19 MP: 0/10
  1032 | D:1      | Learned a level 2 spell: Searing Ray
  1738 | D:2      | Reached XP level 4. HP: 24/24 MP: 6/11
  2023 | D:2      | Learned a level 4 spell: Iskenderun's Mystic Blast
  2406 | D:3      | Found a blossoming altar of Fedhas.
  2573 | D:3      | Found a hide-covered altar of Uskayaw.
  2865 | D:3      | Killed from afar by an orc priest

Illustrated notes

Levels and vault maps discovered:
D:1:      lemuel_arrival_room, layout_basic, shapermc_ecumenical_altar_pompeii
D:2:      layout_loops_ring
D:3:      layout_loops_corners, fedhas_altar_fruit_tree,
          mainiacjoe_overflow_concentric_impassable, minivault_19

Skill      XL: |  1  2  3  4 |
---------------+-------------+-----
Conjurations   | 5 |  5.9
Spellcasting   | 4 |  4.5
Stealth        | 3 |  3.0
Dodging        | |  2.7

Action                   |  1- 3 |  4- 6 || total
-------------------------+-------+-------++-------
 Cast: Magic Dart        |    82 |    26 ||   108
       Searing Ray       |       |     4 ||     4
Armor: Robe              |     1 |     2 ||     3
Dodge: Dodged            |     3 |     5 ||     8
